AoeStats
← Kanyaga

Arabia

510516781Analyzed
1v1 RM · 17h ago on Oct 1, 2026· 50m 29s· 2 players
Game mode
Random Map
Map size
Tiny (2 player)
Population
200
Speed
Normal
Resources
Standard
Victory
Conquest
Starting age
Dark Age
Ending age
Imperial Age
RankedLock teamsTeams togetherTeam positionsShared explorationLock speedFull tech treeHidden civsTurbo modeCheats
Victory
Defeat
🇮🇹 Mongols · Italy
1697
+11
🇹🇷 Huns · Türkiye
1573
-11
Kanyaga
2:09 Loom
8:46 Feudal Age
9:43 Double-Bit Axe
12:42 Horse Collar
23:03 Castle Age
21:49 Gold Mining
22:11 Bloodlines
21:54 Fletching
23:14 Padded Archer Armor
23:50 Bodkin Arrow
26:53 Husbandry
29:07 Ballistics
29:23 Town Watch
33:59 Leather Archer Armor
45:41 Thumb Ring
47:47 Scale Barding Armor
47:53 Forging
49:18 Chain Barding Armor
49:23 Light Cavalry
Vitals
8:53 Feudal Age
9:36 Double-Bit Axe
9:48 Loom
10:44 Horse Collar
17:11 Wheelbarrow
17:01 Forging
21:57 Castle Age
22:01 Scale Barding Armor
22:09 Bloodlines
21:58 Gold Mining
23:33 Bow Saw
23:29 Heavy Plow
23:49 Husbandry
26:09 Chain Barding Armor
28:13 Elite Skirmisher
28:53 Fletching
29:03 Padded Archer Armor
29:32 Bodkin Arrow
30:28 Town Watch
34:06 Leather Archer Armor
35:19 Ballistics
35:10 Masonry
36:52 Stone Mining
40:22 Imperial Age
38:25 Hand Cart
38:46 Thumb Ring
41:30 Bracer
43:39 Chemistry
43:12 Conscription
44:53 Parthian Tactics
48:22 Heavy Cavalry Archer
Connection lost

Rejoining the realm…

Still unreachable

The connection could not be restored.

Session expired

The server has moved on; the page needs a fresh start.